 Dungeon Crawl Stone Soup version 0.22.0-6-g71bd7aa (webtiles) character file.

100804 whitenoisemaker the Destroyer (level 15, -11/113 HPs)
             Began as a Grey Draconian Conjurer on Aug 14, 2018.
             Was a High Priest of Ashenzari.
             Mangled by a tentacle (20 damage)
             ... attached to a kraken
             ... on level 2 of the Shoals.
             The game lasted 00:56:54 (33966 turns).

whitenoisemaker the Destroyer (DrCj)               Turns: 33966, Time: 00:56:55

Health: -11/113    AC: 18    Str: 18    XL:     15   Next: 81%
Magic:  5/31       EV: 16    Int: 24    God:    Ashenzari [*****.]
Gold:   1196       SH: 16    Dex: 15    Spells: 13/39 levels left

rFire    . . .     SeeInvis +   G - +9 scimitar of the Egg {flame, +Inv Int+4 Dex+4} (curse)
rCold    . . .     Gourm    .   J - +2 shield (curse)
rNeg     . . .     Faith    .   (armour unavailable)
rPois    .         Spirit   .   (helmet restricted)
rElec    .         Reflect  .   (no cloak)
rCorr    .         Harm     .   R - +0 pair of gloves (curse)
MR       +....     Clarity  +   j - +2 pair of boots (curse)
Stlth    ++........             Z - amulet of magic regeneration
HPRegen  0.28/turn              L - +5 ring of slaying
MPRegen  0.47/turn              e - +5 ring of strength (curse)

@: very slightly contaminated, very slow
A: walk through water, unfitting armour, unbreathing, cold-blooded, AC +14
a: Curse Item, Scrying, Transfer Knowledge, Renounce Religion, Evoke
Invisibility


You were on level 2 of the Shoals.
You worshipped Ashenzari.
Ashenzari was extremely pleased with you.
You were hungry.

You visited 4 branches of the dungeon, and saw 24 of its levels.

You collected 2245 gold pieces.
You spent 1049 gold pieces at shops.

Inventory:

Hand Weapons
 x - the +7 long sword of the Sun {slice, *Noise +Inv rElec rF+++}
   (You bought it in a shop on level 4 of the Dungeon)

   It inflicts extra damage upon your enemies.
   It renders you almost immune to fire.
   It insulates you from electricity.
   It lets you turn invisible.
   It may make noises in combat.
 G - the cursed +9 scimitar of the Egg (weapon) {flame, +Inv Int+4 Dex+4}
   (You found it on level 8 of the Dungeon)

   It has been specially enchanted to burn those struck by it, causing extra
   injury to most foes and up to half again as much damage against particularly
   susceptible opponents.
   Big, fiery blades are also staple armaments of hydra-hunters.
   It affects your intelligence (+4).
   It affects your dexterity (+4).
   It lets you turn invisible.
   It has a curse placed upon it.
Armour
 j - a cursed +2 pair of boots (worn)
 J - a cursed +2 shield (worn)
 R - a cursed +0 pair of gloves (worn)
Jewellery
 a - an uncursed ring of resist corrosion
 e - a cursed +5 ring of strength (right hand)
 q - an uncursed ring of protection from magic
 t - an uncursed ring of poison resistance
 v - a +6 ring of dexterity
 A - an uncursed ring of wizardry
 I - an uncursed ring of magical power
 L - a +5 ring of slaying (left hand)
 W - an uncursed ring of positive energy
 Z - an amulet of magic regeneration (around neck)
Wands
 p - a wand of digging (16)
 w - a wand of paralysis (31)
 z - a wand of disintegration (13)
 B - a wand of scattershot (10)
 E - a wand of iceblast (22)
 P - a wand of flame (30)
 Q - a wand of polymorph (16)
 T - a wand of enslavement (17)
Scrolls
 c - 7 scrolls of magic mapping
 f - 4 scrolls of fog
 i - 5 scrolls of blinking
 k - 11 scrolls of remove curse
 l - 2 scrolls of torment
 m - 2 scrolls of silence
 r - 6 scrolls of amnesia
 u - 13 scrolls of teleportation
 y - 7 scrolls of enchant weapon
 K - 5 scrolls of fear
 S - a scroll of holy word
 U - a scroll of summoning
Potions
 d - 5 potions of magic
 g - 5 potions of mutation
 h - 5 potions of lignification
 n - 2 potions of agility
 o - 2 potions of might
 s - 3 potions of berserk rage
 C - a potion of invisibility
 D - a potion of heal wounds
 F - 2 potions of ambrosia
 H - 2 potions of cancellation
 N - 2 potions of flight
 O - 7 potions of haste
 V - a potion of brilliance
 X - 3 potions of curing
Comestibles
 b - 39 rations
 Y - 12 chunks of flesh


   Skills:
 - Level 5.2 Fighting
 - Level 12.2(15.9) Long Blades
 - Level 6.7 Dodging
 + Level 3.0 Stealth
 - Level 12.6(15.0) Shields
 + Level 12.7 Spellcasting
 - Level 13.8 Conjurations
 + Level 8.6 Fire Magic


You had 13 spell levels left.
You knew the following spells:

 Your Spells              Type           Power        Failure   Level  Hunger
a - Magic Dart            Conj           ####         0%          1    None
b - Searing Ray           Conj           ######       1%          2    None
c - Dazzling Spray        Conj/Hex       #####.       1%          3    None
d - Iskenderun's Mystic   Conj           ######..     1%          4    None
e - Force Lance           Conj/Tloc      #####...     2%          4    None
f - Conjure Flame         Conj/Fire      ######..     1%          3    None
g - Sticky Flame          Conj/Fire      ######..     1%          4    None
h - Fireball              Conj/Fire      ######....   1%          5    ###....

Your spell library contained the following spells:

 Spells                   Type           Power        Failure   Level  Hunger
 Lightning Bolt           Conj/Air       #####.....   6%          5    ###....
 Confuse                  Hex            ###.....     12%         3    None
 Throw Flame              Conj/Fire      ######       1%          2    None
 Death's Door             Chrm/Necr      ###.......   100%        8    #######
 Haunt                    Necr/Summ      ###.......   100%        7    ######.
 Borgnjor's Revivificati  Necr           ###.......   100%        8    #######
 Tukima's Dance           Hex            ###.....     12%         3    None
 Shock                    Conj/Air       ####         1%          1    None
 Swiftness                Chrm/Air       ###.....     6%          2    None
 Necromutation            Tmut/Necr      ###.......   100%        8    #######
 Airstrike                Air            ###.......   36%         4    None
 Confusing Touch          Hex            ###...       4%          1    None
 Flame Tongue             Conj/Fire      #####        1%          1    None
 Ensorcelled Hibernation  Hex/Ice        ###...       6%          2    None
 Metabolic Englaciation   Hex/Ice        ###.......   73%         5    ###....
 Static Discharge         Conj/Air       #####...     1%          3    None
 Corona                   Hex            ###....      4%          1    None
 Petrify                  Tmut/Erth      ###.....     36%         4    None
 Inner Flame              Hex/Fire       #####...     1%          3    None
 Fulminant Prism          Conj/Hex       #####.....   2%          4    None
 Gell's Gravitas          Tloc           ###.......   12%         3    None
 Yara's Violent Unravell  Hex/Tmut       ###.......   73%         5    ###....
 Infestation              Necr           ###.......   100%        8    #######


Dungeon Overview and Level Annotations

Branches:
Dungeon (15/15)            Temple (1/1) D:4            Lair (6/6) D:9
 Shoals (2/4) Lair:4        Snake (0/4) Lair:2        Slime (0/5) Lair:6
    Orc (0/2) D:9          Vaults (0/5) D:14         Depths (0/5) D:15

Altars:
Ashenzari
Cheibriados
Elyvilon
Fedhas
Gozag
Hepliaklqana
Kikubaaqudgha
Makhleb
Nemelex Xobeh
Qazlal
Ru
Sif Muna
Trog
Vehumet
Wu Jian
Yredelemnul
Zin
The Shining One
Jiyva

Shops:
D:4 *(=   D:5 (   Shoals:1 *

Annotations:
Lair:4 exclusion: downstairs


Innate Abilities, Weirdness & Mutations

You can walk through water.
Your dull iron-grey scales are very hard. (AC +14)
You cannot fit into any form of body armour.
You can survive without breathing.
You are cold-blooded and may be slowed by cold attacks.


Message History

The tentacle slaps you!
The tentacle is engulfed in a cloud of scalding steam.
The tentacle slaps you!
The tentacle is engulfed in a cloud of scalding steam.
The tentacle slaps you but does no damage.
You hit the kraken but do no damage.
You tail-slap the kraken, but do no damage.
The kraken is almost dead.
The plant is engulfed in a cloud of scalding steam.
The kraken squirts a massive cloud of ink into the water!
The tentacle slaps you!
* * * LOW HITPOINT WARNING * * *
The tentacle slaps you!
* * * LOW HITPOINT WARNING * * *
The tentacle is engulfed in a cloud of scalding steam.
The tentacle slaps you!
* * * LOW HITPOINT WARNING * * *
The tentacle is engulfed in a cloud of scalding steam.
The tentacle slaps you!!
You die...

#################################
≈≈≈≈≈§≈≈≈≈≈≈≈≈≈≈≈≈≈≈≈≈≈≈≈≈≈≈≈≈≈≈≈
≈≈§§≈§≈≈≈≈≈≈≈≈≈≈≈≈≈≈≈≈≈≈≈≈≈≈≈≈≈≈≈
≈≈≈≈≈≈≈≈≈≈≈≈≈≈≈≈≈≈≈≈≈≈≈≈≈≈≈≈≈≈≈≈≈
≈§≈≈≈≈≈≈≈≈≈≈≈≈≈≈≈≈≈≈≈≈≈≈≈≈≈≈≈≈≈≈≈
≈≈≈≈≈≈≈≈≈≈≈≈≈≈§§§§§≈≈≈≈≈≈≈≈≈≈≈≈≈≈
≈≈≈§≈§≈≈w≈≈≈≈≈§wXw§≈≈≈≈≈≈≈≈≈≈≈≈≈≈
≈≈≈≈≈≈≈≈≈≈≈§§§§w@w§≈≈≈≈≈≈≈≈.≈≈≈≈≈
≈≈≈≈≈≈≈≈w≈≈≈≈≈§§§§§§≈≈≈≈≈≈≈≈≈≈≈≈≈
≈≈≈≈≈≈≈≈≈≈≈.P§§§P§≈≈≈≈≈÷≈≈≈≈≈≈≈≈≈
≈≈≈≈≈≈≈≈≈≈P...PPPP≈§≈≈≈..≈≈≈≈≈≈≈≈
≈≈≈≈≈≈≈≈≈≈PP##.≈≈≈≈≈≈≈.....≈≈≈≈≈≈
≈≈≈≈≈≈≈≈≈≈P##.≈P≈≈≈≈≈≈......≈≈≈≈≈
≈≈≈≈≈≈P≈≈.P.P..≈≈≈≈≈≈...##...≈≈≈≈
≈≈≈≈≈P≈≈..P.#..)≈≈≈≈)..###..)≈≈≈≈
≈≈≈≈≈≈≈....##...≈≈≈...###.≈≈≈≈≈≈


You could see a kraken and 4 tentacles.

Vanquished Creatures
  Kirke (D:15)
  The ghost of WinstonMain the Geomancer, a journeyman DsEE of Kikubaaqudgha (Lair:6)
  Nessos (D:12)
  Snorg (D:10)
  A fire dragon (Lair:6)
  Erolcha (D:12)
  An ice dragon (D:12)
  5 vault guards (D:14)
  A catoblepas (D:14)
  5 hydras
  2 merfolk avatars (Shoals:1)
  2 merfolk aquamancers
  An ogre mage (D:15)
  4 centaur warriors
  6 two-headed ogres
  A tengu warrior (D:11)
  2 death yaks (Lair:4)
  Sonja (D:13)
  Nergalle (Lair:1)
  A deep elf knight (D:12)
  4 skeletal warriors
  6 sea snakes (Shoals:1)
  2 unseen horrors
  A wizard (D:14)
  A shadow dragon skeleton (D:15)
  A necromancer (D:15)
  A lindwurm (Lair:6)
  2 wolf spiders
  A phantasmal warrior (D:15)
  4 deep elf magi
  2 cyclopes
  An oklob plant (Lair:1)
  11 manticores
  A faun (Shoals:1)
  4 ugly things (D:12)
  3 black mambas
  2 merfolk sirens
  A spriggan zombie (D:15)
  17 elephants
  3 molten gargoyles (Lair:6)
  A torpor snail (Lair:4)
  A water nymph (Shoals:1)
  5 gargoyles
  9 spiny frogs
  3 kobold demonologists
  3 rime drakes
  A yaktaur zombie (D:15)
  10 komodo dragons
  3 efreet
  A tengu conjurer (D:14)
  A hornet (D:13)
  4 wind drakes
  9 merfolk
  8 trolls
  A polar bear (Lair:5)
  Grinder (D:3)
  10 slime creatures
  A slime creature (shapeshifter) (D:13)
  12 blink frogs
  13 dream sheep
  10 hippogriffs
  A spriggan (D:10)
  Sigmund (D:3)
  2 shadows
  11 yaks
  A spriggan (shapeshifter) (D:12)
  An elf zombie (D:15)
  3 hogs (D:15)
  8 wyverns
  3 humans
  5 water elementals
  3 basilisks
  5 steam dragons
  A hungry ghost (D:13)
  2 nagas (Lair:2)
  3 vampire mosquitoes (D:12)
  An acid dragon (D:13)
  12 water moccasins
  9 orc warriors
  5 hell hounds (Lair:6)
  9 porcupines
  7 ice beasts
  3 black bears
  3 phantoms
  An eye of draining (D:12)
  5 sky beasts
  2 wolves (Lair:3)
  3 boggarts (D:11)
  A necrophage (D:7)
  11 ogres
  16 centaurs
  15 crocodiles
  5 big kobolds
  16 bullfrogs
  A wyvern skeleton (D:7)
  7 scorpions
  4 killer bees
  3 howler monkeys
  7 wights
  An electric eel (Lair:4)
  12 crimson imps
  5 lava snakes (Lair:6)
  3 bullfrog zombies
  2 quasits
  8 centaur zombies
  9 orc priests
  5 hounds
  3 jellies
  6 centaur skeletons
  A wyvern simulacrum (D:13)
  2 bullfrog skeletons
  5 iguanas
  13 orc wizards
  13 worker ants
  A bullfrog simulacrum (D:13)
  A hound skeleton (D:10)
  2 worker ant zombies (D:8)
  7 gnolls
  10 adders
  3 shadow imps
  2 oozes (D:2)
  An adder skeleton (D:10)
  An adder zombie (D:7)
  3 worms
  A dart slug (D:1)
  7 leopard geckos
  40 orcs
  14 bats
  3 giant cockroaches
  8 goblins
  6 hobgoblins
  8 jackals
  3 quokkas
  A ball python skeleton (D:4)
  8 frilled lizards
  11 kobolds
  11 rats
  A plant (Lair:1)
651 creatures vanquished.

Vanquished Creatures (others)
  A wyvern skeleton (D:12)
  A howler monkey (D:14)
  A leopard gecko (D:10)
  7 fungi
  6 plants
  5 tentacles (Shoals:2)
  A withered plant (D:15)
22 creatures vanquished.

Grand Total: 673 creatures vanquished

Notes
Turn   | Place    | Note
-------+----------+-------------------------------------------
     0 | D:1      | whitenoisemaker the Draconian Conjurer began the quest for the Orb.
     0 | D:1      | Reached XP level 1. HP: 14/14 MP: 3/3
   590 | D:1      | Reached XP level 2. HP: 19/20 MP: 0/5
  1084 | D:1      | Reached XP level 3. HP: 26/26 MP: 1/6
  1097 | D:1      | Learned a level 2 spell: Searing Ray
  1101 | D:1      | Learned a level 3 spell: Dazzling Spray
  2648 | D:2      | Reached XP level 4. HP: 33/33 MP: 3/7
  3001 | D:3      | Reached skill level 5 in Conjurations
  3824 | D:3      | Reached XP level 5. HP: 22/38 MP: 4/9
  3996 | D:3      | Noticed Grinder
  4019 | D:3      | Killed Grinder
  4019 | D:3      | Reached skill level 6 in Conjurations
  4019 | D:3      | Reached XP level 6. HP: 22/45 MP: 1/11
  4484 | D:3      | Noticed Sigmund
  4498 | D:3      | Killed Sigmund
  4849 | D:3      | Your scales start taking on a dull iron-grey colour.
  4849 | D:3      | Reached XP level 7. HP: 50/50 MP: 12/12
  4849 | D:3      | Gained mutation: You can survive without breathing. [Grey Draconian growth]
  5299 | D:3      | Learned a level 4 spell: Iskenderun's Mystic Blast
  5508 | D:4      | Found Kemirgh's Assorted Antiques.
  5649 | D:4      | Found Jatuep's Weapon Emporium.
  5694 | D:4      | Bought a polished long sword for 221 gold pieces
  5694 | D:4      | Identified the +7 long sword of the Sun {slice, *Noise +Inv rElec rF+++} (You bought it in a shop on level 4 of the Dungeon)
  6002 | D:4      | Found Fumosh's Jewellery Emporium.
  6035 | D:4      | Reached skill level 1 in Long Blades
  6320 | D:4      | Found a staircase to the Ecumenical Temple.
  6520 | D:4      | Found a sparkling altar of Nemelex Xobeh.
  6571 | D:4      | Found a radiant altar of Vehumet.
  6572 | D:4      | Found a burning altar of Makhleb.
  6597 | D:5      | Entered Level 5 of the Dungeon
  6650 | D:5      | Reached XP level 8. HP: 46/57 MP: 13/13
  6751 | D:5      | Found Usaq Jay's Antique Weapon Shoppe.
  6807 | D:5      | Found a snail-covered altar of Cheibriados.
  7086 | D:5      | Found a shattered altar of Ashenzari.
  7162 | D:6      | Found an ancient bone altar of Kikubaaqudgha.
  7176 | D:6      | Found a glowing silver altar of Zin.
  7247 | D:6      | Reached skill level 5 in Dodging
  7794 | D:6      | Reached skill level 5 in Long Blades
  8860 | D:7      | Learned a level 4 spell: Force Lance
  8880 | D:7      | Reached XP level 9. HP: 55/62 MP: 7/14
  9411 | D:8      | Found a sparkling altar of Nemelex Xobeh.
  9585 | D:8      | Found a bloodstained altar of Trog.
  9593 | D:8      | Found a white marble altar of Elyvilon.
  9623 | D:8      | Found a sparkling altar of Nemelex Xobeh.
  9650 | D:8      | Got a scorched scimitar
  9651 | D:8      | Identified the +9 scimitar of the Egg {flame, +Inv Int+4 Dex+4} (You found it on level 8 of the Dungeon)
 10053 | D:8      | Found a snail-covered altar of Cheibriados.
 10054 | D:8      | Found a hazy altar of Hepliaklqana.
 10219 | Temple   | Entered the Ecumenical Temple
 10244 | Temple   | Became a worshipper of Ashenzari the Shackled
 10449 | D:9      | Reached skill level 1 in Shields
 10528 | D:9      | Found a staircase to the Lair.
 10623 | D:9      | Found a glowing silver altar of Zin.
 10623 | D:9      | Found a faded altar of an unknown god.
 10628 | D:9      | Found an opulent altar of Gozag.
 10630 | D:9      | Found a stormy altar of Qazlal.
 10631 | D:9      | Found a deep blue altar of Sif Muna.
 10722 | D:9      | Noticed a troll
 10734 | D:9      | Killed a troll
 11104 | D:9      | Found a staircase to the Orcish Mines.
 11310 | D:9      | Reached XP level 10. HP: 69/69 MP: 15/15
 11403 | D:9      | Reached skill level 10 in Long Blades
 11421 | Lair:1   | Entered Level 1 of the Lair of Beasts
 11421 | Lair:1   | Noticed Nergalle
 11430 | Lair:1   | Killed Nergalle
 11439 | Lair:1   | Reached * piety under Ashenzari
 11478 | Lair:1   | Reached skill level 7 in Conjurations
 11593 | Lair:1   | Noticed a black mamba
 11601 | Lair:1   | Killed a black mamba
 11888 | Lair:1   | Reached skill level 5 in Shields
 12321 | Lair:1   | Noticed a spiny frog
 12327 | Lair:1   | Killed a spiny frog
 12712 | Lair:1   | You fall through a shaft!
 12940 | Lair:1   | Noticed an oklob plant
 12955 | Lair:1   | Killed an oklob plant
 13465 | Lair:2   | Noticed a spiny frog
 13472 | Lair:2   | Killed a spiny frog
 13472 | Lair:2   | Reached skill level 8 in Conjurations
 13472 | Lair:2   | Reached XP level 11. HP: 74/74 MP: 16/16
 13513 | Lair:2   | Noticed an eight-headed hydra
 13520 | Lair:2   | Killed a six-headed hydra
 14172 | Lair:2   | Found a staircase to the Snake Pit.
 14564 | Lair:2   | Reached ** piety under Ashenzari
 14859 | Lair:3   | Noticed a four-headed hydra
 14867 | Lair:3   | Killed a one-headed hydra
 14867 | Lair:3   | Reached skill level 9 in Conjurations
 14878 | Lair:3   | Identified the +0 buckler "Qibliz" {*Corrode rPois rF- Dex+2 Stlth+}
 15106 | Lair:3   | Reached skill level 5 in Spellcasting
 15491 | Lair:4   | Noticed a six-headed hydra
 15497 | Lair:4   | Killed a five-headed hydra
 15820 | Lair:4   | Reached *** piety under Ashenzari
 15834 | Lair:4   | Reached skill level 10 in Conjurations
 16130 | Lair:4   | Found a staircase to the Shoals.
 16254 | Lair:4   | Noticed a six-headed hydra
 16438 | Lair:4   | Reached XP level 12. HP: 81/81 MP: 12/21
 16569 | Lair:4   | Noticed a death yak
 16590 | Lair:4   | Noticed a death yak
 16593 | Lair:4   | Killed a death yak
 16613 | Lair:4   | Killed a death yak
 16960 | Lair:4   | Reached skill level 11 in Conjurations
 16996 | Lair:4   | Noticed a six-headed hydra
 17002 | Lair:4   | Killed a three-headed hydra
 18465 | Lair:5   | Reached **** piety under Ashenzari
 18648 | Lair:6   | Entered Level 6 of the Lair of Beasts
 18648 | Lair:6   | Found a runed door.
 18648 | Lair:6   | Noticed WinstonMain's ghost (journeyman DsEE)
 18721 | Lair:6   | Killed WinstonMain's ghost
 18721 | Lair:6   | Reached skill level 12 in Conjurations
 18721 | Lair:6   | Reached XP level 13. HP: 42/86 MP: 25/25
 18979 | Lair:6   | Found a viscous altar of Jiyva.
 18979 | Lair:6   | Found a staircase to the Slime Pits.
 20446 | Lair:6   | Found a large runed door.
 20446 | Lair:6   | Found a large runed door.
 20446 | Lair:6   | Noticed a fire dragon
 21209 | Lair:6   | Killed a fire dragon
 21665 | D:10     | Entered Level 10 of the Dungeon
 21675 | D:10     | Noticed Snorg
 21685 | D:10     | Killed Snorg
 21738 | D:10     | Reached skill level 10 in Shields
 21769 | D:10     | Reached skill level 10 in Spellcasting
 22266 | D:11     | Found a glowing golden altar of the Shining One.
 22590 | D:11     | Found a radiant altar of Vehumet.
 22800 | D:11     | Reached ***** piety under Ashenzari
 23288 | D:12     | Noticed Nessos
 23684 | D:12     | Killed Nessos
 23684 | D:12     | Reached skill level 1 in Fighting
 23684 | D:12     | Reached skill level 13 in Conjurations
 24139 | D:12     | Noticed Erolcha
 24147 | D:12     | Killed Erolcha
 24423 | D:11     | Reached XP level 14. HP: 76/102 MP: 28/28
 25025 | D:12     | Reached skill level 5 in Fighting
 25552 | D:12     | Identified the cursed +1 hand crossbow of Sudden Death {flame, rC+ MR+ Stlth+} (You took it off an orc on level 12 of the Dungeon)
 26278 | D:12     | Learned a level 3 spell: Conjure Flame
 26283 | D:12     | Learned a level 4 spell: Sticky Flame
 26289 | D:12     | Learned a level 5 spell: Fireball
 26307 | D:13     | Noticed Sonja
 26475 | D:12     | Reached skill level 1 in Fire Magic
 26648 | D:13     | Killed Sonja
 29294 | D:14     | Reached XP level 15. HP: 97/113 MP: 30/30
 29357 | D:14     | Reached skill level 5 in Fire Magic
 29731 | D:14     | Found a gate to the Vaults.
 30095 | D:15     | Entered Level 15 of the Dungeon
 30405 | D:15     | Found a glowing silver altar of Zin.
 30717 | D:15     | Noticed Kirke
 30734 | D:15     | Noticed a sphinx
 30738 | D:15     | Killed Kirke
 30884 | D:15     | Found a staircase to the Depths.
 31105 | D:15     | Found a glowing silver altar of Zin.
 31661 | Shoals:1 | Entered Level 1 of the Shoals
 32564 | Shoals:1 | Found Ymiuci Epne's Assorted Antiques.
 32574 | Shoals:1 | Bought 2 scrolls of blinking for 540 gold pieces
 32574 | Shoals:1 | Bought a potion of lignification for 108 gold pieces
 32574 | Shoals:1 | Bought a shiny cabochon ring for 180 gold pieces
 33037 | Shoals:1 | Reached ****** piety under Ashenzari
 33949 | Shoals:2 | Noticed a kraken
 33966 | Shoals:2 | Mangled by a tentacle

Skill      XL: |  1  2  3  4  5  6  7  8  9 10 11 12 13 14 15 |
---------------+----------------------------------------------+-----
Dodging        | 2 3 4 6 |  6.7
Conjurations   | 5 6 8 10 12 13 | 13.8
Spellcasting   | 3 6 8 10 11 12 | 12.7
Long Blades    | 3 7 9 11 12 | 12.2
Shields        | 3 5 6 8 10 12 | 12.6
Fighting       | 3 5 |  5.2
Fire Magic     | 4 8 |  8.6
Stealth        | 3 |  3.0

Action                   |  1- 3 |  4- 6 |  7- 9 | 10-12 | 13-15 || total
-------------------------+-------+-------+-------+-------+-------++-------
Melee: Unarmed           |    22 |     5 |       |       |       ||    27
       Tailslap          |     3 |     2 |    28 |    67 |   206 ||   306
       Spear             |       |    96 |    22 |       |       ||   118
       Long sword        |       |       |   167 |       |       ||   167
       Quarterstaff      |       |       |    21 |       |       ||    21
       Scimitar          |       |       |    68 |   386 |  1225 ||  1679
 Cast: Magic Dart        |    85 |    18 |    13 |    13 |     1 ||   130
       Searing Ray       |     4 |    12 |     9 |     1 |       ||    26
       Iskenderun's Myst |       |       |     2 |    59 |   170 ||   231
       Dazzling Spray    |       |       |       |     2 |       ||     2
       Force Lance       |       |       |       |       |     2 ||     2
       Fireball          |       |       |       |       |     9 ||     9
       Sticky Flame      |       |       |       |       |     1 ||     1
Invok: Curse Item        |       |       |     5 |     1 |       ||     6
Evoke: Wand              |       |       |       |     5 |    12 ||    17
       Box of beasts     |       |       |       |       |     1 ||     1
  Use: Scroll            |     1 |     5 |    10 |     4 |    19 ||    39
       Potion            |       |     6 |       |     5 |    11 ||    22
 Stab: Sleeping          |       |       |     4 |     1 |     4 ||     9
       Distracted        |       |       |       |       |     5 ||     5
  Eat: Chunk             |     6 |     5 |    11 |    22 |    25 ||    69
       Ration            |       |     1 |     3 |     2 |     8 ||    14
Armor: Skin              |     9 |    28 |   126 |   102 |   217 ||   482
Dodge: Dodged            |    13 |    69 |   229 |   168 |   440 ||   919
Block: Shield            |       |       |    28 |   186 |   672 ||   886
       Rpst.: Long sword |       |       |    45 |       |       ||    45
       Scimitar          |       |       |    12 |    34 |   115 ||   161
